 Dungeon Crawl Stone Soup version 0.29-a0-477-g62b78b4 (webtiles) character file.

Game seed: 13302587836511442630

581304 Illumine the Conqueror (level 25, -13/257 HPs)
             Began as a Minotaur Wanderer on May 24, 2022.
             Was an Initiate of Gozag.
             Killed from afar by a yellow draconian annihilator (37 damage)
             ... with a crystal spear
             ... on level 1 of the Realm of Zot.
             The game lasted 02:54:22 (76144 turns).

Illumine the Conqueror (Minotaur Wanderer)         Turns: 76144, Time: 02:54:23

Health: -13/257    AC: 39    Str: 29    XL:     25   Next: 94%
Magic:  0/23       EV: 15    Int: 12    God:    Gozag
Gold:   6024       SH:  0    Dex: 21    Spells: 25/26 levels left

rFire   + + +      SeeInvis +   a - +11 great sword of the Tentacled God {vorpal, rElec rN+ Str+2 Int+3}
rCold   + + .      Faith    .   (shield currently unavailable)
rNeg    + + +      Spirit   +   W - +9 crystal plate armour of Too Many Cooks {rPois rN+ Int-2}
rPois   +          Reflect  .   A - +2 hat of the Bear Spirit {Spirit, *Rage Will++}
rElec   +          Harm     .   U - +0 cloak
rCorr   +          Rampage  .   o - +2 pair of gloves {infuse}
Will    +++..      Rage     21% J - -3 pair of boots of Nott {rF+ rC+ Str+3}
Stlth   ..........              j - amulet of the Trout {Spirit Drain rF+++ rN+ Dex+4}
HPRegen 0.00/turn               k - ring "Iraqol" {Drain rN+ EV+4 Int+3 Dex+5}
MPRegen 0.18/turn               z - ring of see invisible

@: resistant, corroded, on berserk cooldown, inhibited regen, slowed, studying
Throwing, bribing [the Realm of Zot], very slow
A: horns 2, retaliatory headbutt, berserk 1, clumsy 1, dopey 1, inhibited
regeneration
}: 3/15 runes: decaying, abyssal, gossamer
a: Renounce Religion, Potion Petition, Call Merchant, Bribe Branch


You were on level 1 of the Realm of Zot.
You worshipped Gozag.
Gozag was greatly pleased with you.
You visited 9 branches of the dungeon, and saw 44 of its levels.
You visited the Abyss 3 times.
You also visited: Desolation.

You collected 25411 gold pieces.
You spent 5083 gold pieces at shops.
You paid 14304 gold pieces to Gozag.

Inventory:

Hand Weapons
 a - the +11 great sword of the Tentacled God (weapon) {vorpal, rElec rN+ Str+2 Int+3}
   (You found it on level 3 of the Depths)

   It inflicts extra damage upon your enemies.
   Str:       It affects your strength (+2).
   Int:       It affects your intelligence (+3).
   rElec:     It insulates you from electricity.
   rN:        It protects you from negative energy.
 b - a +9 triple crossbow of electrocution
 d - the +5 glaive of the Guard {elec, spectral, AC+5}
   (You found it on level 4 of the Vaults)

   It occasionally discharges a powerful burst of electricity upon striking a
   foe.
   When it strikes, its spirit leaps out and fights alongside the wielder.
   AC:        It affects your AC (+5).
 l - the +11 great sword of Peril {holy, Will+}
   (You bought it in a shop on level 7 of the Dungeon)

   It has been blessed by the Shining One to cause great damage to the undead
   and demons.
   Will:      It increases your willpower.
 w - the +10 war axe "Acarine's Funeral" {vorpal, Str+3 Int+3}
   (You took it off a deep elf demonologist on level 3 of the Elven Halls)

   It inflicts extra damage upon your enemies.
   Str:       It affects your strength (+3).
   Int:       It affects your intelligence (+3).
 G - the +6 whip "Concordance" {vorpal, rElec rF+++ Will-}
   (You found it in the Desolation of Salt)

   It inflicts extra damage upon your enemies.
   rF:        It renders you almost immune to fire.
   rElec:     It insulates you from electricity.
   Will:      It decreases your willpower.
 K - the +6 arbalest of the Battered Stars {venom, rC++ Will+ Str+2}
   (You found it on level 3 of the Elven Halls)

   Any ammunition fired from it poisons the flesh of those it strikes.
   Str:       It affects your strength (+2).
   rC:        It greatly protects you from cold.
   Will:      It increases your willpower.
 X - the +10 morningstar "Eos" {elec, Halo rElec}
   (You found it on level 1 of the Depths)

   It occasionally discharges a powerful burst of electricity upon striking a
   foe.
   It grants its wielder a halo, increasing accuracy against those within it.
   rElec:     It insulates you from electricity.
Missiles
 M - 8 silver javelins
Armour
 o - a +2 pair of gloves of infusion (worn)
 A - the +2 hat of the Bear Spirit (worn) {Spirit, *Rage Will++}
   (You found it on level 3 of the Elven Halls)

   Going berserk makes the wearer tougher, and they're slowed less afterward.
   *Rage:     It berserks you when you make melee attacks (+20% chance).
   Will:      It greatly increases your willpower.
 I - the +7 plate armour of Mifomu Iled {Rampage Will+++ Str+3 Stlth+}
   (You found it on level 10 of the Dungeon)

   Str:       It affects your strength (+3).
   Rampage:   It bestows one free step when moving towards enemies.
   Will:      It greatly increases your willpower.
   Stlth:     It makes you more stealthy.
 J - the -3 pair of boots of Nott (worn) {rF+ rC+ Str+3}
   (You found it on level 4 of the Spider Nest)

   Str:       It affects your strength (+3).
   rF:        It protects you from fire.
   rC:        It protects you from cold.
 U - a +0 cloak (worn)
 W - the +9 crystal plate armour of Too Many Cooks (worn) {rPois rN+ Int-2}
   (You bought it in a shop on level 3 of the Dungeon)

   Int:       It affects your intelligence (-2).
   rPois:     It protects you from poison.
   rN:        It protects you from negative energy.
Jewellery
 j - the amulet of the Trout (around neck) {Spirit Drain rF+++ rN+ Dex+4}
   (You bought it in a shop on level 3 of the Vaults)

   [amulet of guardian spirit]

   It causes incoming damage to be divided between your reserves of health and
   magic.
   Dex:       It affects your dexterity (+4).
   rF:        It renders you almost immune to fire.
   rN:        It protects you from negative energy.
   Drain:     It drains your maximum health when unequipped.
 k - the ring "Iraqol" (left hand) {Drain rN+ EV+4 Int+3 Dex+5}
   (You found it in the Desolation of Salt)

   [ring of evasion]

   EV:        It affects your evasion (+4).
   Int:       It affects your intelligence (+3).
   Dex:       It affects your dexterity (+5).
   rN:        It protects you from negative energy.
   Drain:     It drains your maximum health when unequipped.
 m - a ring of protection from fire
 t - a ring of willpower
 x - the ring of Qorgh {Str+6 Int+5}
   (You found it in the Desolation of Salt)

   [ring of strength]

   Str:       It affects your strength (+6).
   Int:       It affects your intelligence (+5).
 z - a ring of see invisible (right hand)
 D - the ring "Laedamea" {Fly rC+ rN+ Str+2}
   (You took it off a deep elf master archer on level 3 of the Elven Halls)

   [ring of flight]

   Str:       It affects your strength (+2).
   rC:        It protects you from cold.
   rN:        It protects you from negative energy.
   Fly:       It grants you flight.
 P - the amulet of the Four Winds {rN+ Will+++ Clar}
   (You took it off a deep elf annihilator on level 3 of the Elven Halls)

   [amulet of nothing]

   rN:        It protects you from negative energy.
   Clar:      It protects you against confusion.
   Will:      It greatly increases your willpower.
 R - the ring "Beehy" {rElec rF- EV+4 Str+4}
   (You took it off a deep elf high priest on level 3 of the Elven Halls)

   [ring of evasion]

   EV:        It affects your evasion (+4).
   Str:       It affects your strength (+4).
   rF:        It makes you vulnerable to fire.
   rElec:     It insulates you from electricity.
 V - the ring of Meta {rN++ Slay+4}
   (You found it in the Desolation of Salt)

   [ring of slaying]

   Slay:      It affects your accuracy & damage with ranged weapons and melee
   (+4).
   rN:        It greatly protects you from negative energy.
Wands
 E - a wand of digging (5)
 H - a wand of iceblast (54)
 N - a wand of mindburst (30)
 Q - a wand of acid (23)
Scrolls
 g - 18 scrolls of teleportation
 q - 5 scrolls of vulnerability
 s - 9 scrolls of fear
 u - a scroll of magic mapping
 y - 10 scrolls of immolation
 F - 4 scrolls of silence
 L - 3 scrolls of torment
 O - 7 scrolls of enchant armour
 T - 7 scrolls of blinking
Potions
 c - 16 potions of attraction
 e - 10 potions of flight
 f - 19 potions of curing
 h - 2 potions of resistance
 i - 3 potions of heal wounds
 n - 14 potions of haste
 p - 11 potions of mutation
 v - 3 potions of invisibility
 B - 6 potions of lignification
 C - 10 potions of might
 S - 2 potions of berserk rage
 Y - 2 potions of cancellation
Miscellaneous
 r - a lightning rod (4/4)
 Z - a condenser vane


   Skills:
 O Level 27 Fighting
 - Level 5.3(13.0) Short Blades
 - Level 19.6(20.0) Long Blades
 - Level 8.9 Axes
 + Level 22.3 Crossbows
 - Level 12.0 Throwing
 O Level 27 Armour
 - Level 5.0 Dodging
 - Level 1.0 Stealth
 - Level 5.5 Shields
 - Level 1.0 Spellcasting
 - Level 1.0 Transmutations
 + Level 8.2 Evocations


You had 25 spell levels left.
You knew the following spells:

 Your Spells              Type           Power      Damage    Failure   Level
a - Sting                 Tmut/Pois      4%         1d3       80%         1

Your spell library contained the following spells:

 Spells                   Type           Power      Damage    Failure   Level
 Apportation              Tloc           0%         N/A       86%         1
 Foxfire                  Conj/Fire      0%         2x1d4     86%         1
 Necrotize                Necr           0%         1d4       86%         1
 Shock                    Conj/Air       0%         1d3       86%         1
 Slow                     Hex            0%         N/A       86%         1
 Summon Small Mammal      Summ           0%         N/A       86%         1
 Passwall                 Tmut/Erth      0%         N/A       90%         2
 Blink                    Tloc           0%         N/A       94%         2
 Ensorcelled Hibernation  Hex/Ice        0%         N/A       94%         2
 Poisonous Vapours        Pois/Air       0%         N/A       94%         2
 Scorch                   Fire           0%         2d5       94%         2
 Static Discharge         Conj/Air       0%         N/A       94%         2
 Call Canine Familiar     Summ           0%         N/A       99%         3
 Confusing Touch          Hex            0%         N/A       99%         3
 Conjure Flame            Conj/Fire      0%         6-21      99%         3
 Dazzling Flash           Conj/Hex       0%         N/A       99%         3
 Frozen Ramparts          Ice            0%         1d2       99%         3
 Ignite Poison            Fire/Tmut/Pois 1%         N/A       99%         3
 Inner Flame              Hex/Fire       0%         N/A       99%         3
 Lesser Beckoning         Tloc           0%         N/A       99%         3
 Mephitic Cloud           Conj/Pois/Air  0%         N/A       99%         3
 Portal Projectile        Hex/Tloc       0%         N/A       99%         3
 Summon Guardian Golem    Hex/Summ       0%         N/A       99%         3
 Swiftness                Air            0%         N/A       99%         3
 Tukima's Dance           Hex            0%         N/A       99%         3
 Vampiric Draining        Necr           0%         2d6       99%         3
 Animate Armour           Summ/Erth      0%         N/A       100%        4
 Cause Fear               Hex            0%         N/A       100%        4
 Flame Wave               Conj/Fire      0%         2d4       100%        4
 Hailstorm                Conj/Ice       0%         3d3       100%        4
 Ice Form                 Ice/Tmut       1%         N/A       100%        4
 Leda's Liquefaction      Hex/Erth       0%         N/A       100%        4
 Olgreb's Toxic Radiance  Pois           0%         N/A       100%        4
 Sticky Flame             Conj/Fire      0%         2d3       100%        4
 Summon Ice Beast         Ice/Summ       0%         N/A       100%        4
 Agony                    Necr           0%         N/A       100%        5
 Alistair's Intoxication  Tmut/Pois      0%         N/A       100%        5
 Blade Hands              Tmut           1%         N/A       100%        5
 Borgnjor's Vile Clutch   Necr/Erth      0%         N/A       100%        5
 Fireball                 Conj/Fire      0%         3d3       100%        5
 Freezing Cloud           Conj/Ice/Air   0%         6-21      100%        5
 Lee's Rapid Deconstruct  Erth           0%         3d5*      100%        5
 Lightning Bolt           Conj/Air       0%         1d11      100%        5
 Manifold Assault         Tloc           0%         N/A       100%        5
 Silence                  Hex/Air        0%         N/A       100%        5
 Eringya's Noxious Bog    Tmut/Pois      0%         N/A       100%        6
 Iron Shot                Conj/Erth      0%         9d1       100%        6
 Starburst                Conj/Fire      0%         6d3       100%        6
 Statue Form              Tmut/Erth      0%         N/A       100%        6
 Dragon Form              Tmut           1%         N/A       100%        7
 Orb of Destruction       Conj           0%         9d5       100%        7
 Spellforged Servitor     Conj/Summ      0%         N/A       100%        7
 Borgnjor's Revivificati  Necr           0%         N/A       100%        8
 Ignition                 Fire           0%         3d3       100%        8
 Lehudib's Crystal Spear  Conj/Erth      0%         10d2      100%        8
 Necromutation            Tmut/Necr      0%         N/A       100%        8
 Chain Lightning          Conj/Air       0%         N/A       100%        9
 Death's Door             Necr           0%         N/A       100%        9
 Dragon's Call            Summ           0%         N/A       100%        9
 Shatter                  Erth           0%         3d5*      100%        9
 Simulacrum               Ice/Necr       Unusable   N/A       N/A         6

Dungeon Overview and Level Annotations

Branches:
Dungeon (15/15)            Temple (0/1) D:6            Lair (6/6) D:8
  Swamp (4/4) Lair:4       Spider (4/4) Lair:2        Slime (0/5) Lair:6
    Orc (2/2) D:12            Elf (3/3) Orc:2        Vaults (4/5) D:14
  Crypt (0/3) Vaults:3     Depths (4/4) D:15            Zot (2/5) Depths:4
Desolation (visited)

Altars:
Dithmenos
Gozag
Hepliaklqana
Kikubaaqudgha
Okawaru
Qazlal
Sif Muna
Trog
Vehumet
Xom
Yredelemnul
Zin
The Shining One
Beogh

Shops:
D:3 [   D:7 **?!   D:10 !   D:12 (   D:13 ?   Orc:2 (?(=   Elf:2 [   Lair:2 (
Lair:4 [   Vaults:3 =   Depths:1 [?:(   Depths:3 (   Depths:4 =

Portals:
Hell: Depths:1 Depths:2 Depths:3 Depths:4
Abyss: Depths:3
Pandemonium: Depths:2
Ziggurat: Depths:3
Trove: D:10 (give +3 gold dragon scales)

Annotations:
Elf:2 3 runed translucent doors
Depths:3 1 runed translucent door
Depths:4 2 transporters, Dega's ghost, adept SpHu
Zot:1 3 runed translucent doors


Innate Abilities, Weirdness & Mutations

You have a pair of horns on your head.
You reflexively headbutt those who attack you in melee.
You tend to lose your temper in combat.
You are clumsy. (Dex -2)
You are dopey. (Int -2)
You do not regenerate when monsters are visible.


Message History

Press: ? - help, Q - select action, (/) - cycle Shift-Dir - straight line, f - yellow draconian annihilator
Aim: a yellow draconian annihilator, wielding a +0 rapier and wearing a +0 cloak (heavily wounded, catching its breath, 80% to hit)
You shoot a bolt.
The bolt barely misses the yellow draconian annihilator.
Your +9 triple crossbow of electrocution stops crackling.
You feel stronger.
You feel clever.
a - the +11 great sword of the Tentacled God (weapon)
{vorpal, rElec rN+ Str+2 Int+3} The yellow draconian annihilator spits acid at you.
The glob of acid hits you!!
* * * LOW HITPOINT WARNING * * *
You completely miss the yellow draconian annihilator.
The yellow draconian annihilator is heavily wounded.
The yellow draconian annihilator points at you and mumbles some strange words.
The bolt of lightning hits you! You resist.
* * * LOW HITPOINT WARNING * * *
The bolt of lightning hits you. You resist.
* * * LOW HITPOINT WARNING * * *
[a] - 320 gold - curing, magic and heal wounds [b] - 580 gold - heal wounds, berserk rage and resistance [c] - 192 gold - might and brilliance Purchase which effect?
You feel much better.
You're still recovering from your berserk rage.
You feel protected.
The yellow draconian annihilator casts a spell at you.
The iron shot hits you!
* * * LOW HITPOINT WARNING * * *
You hit the yellow draconian annihilator but do no damage.
The yellow draconian annihilator is heavily wounded.
The yellow draconian annihilator gestures at you while chanting.
The bolt of lightning hits you. You resist.
* * * LOW HITPOINT WARNING * * *
The bolt of lightning hits you! You resist.
* * * LOW HITPOINT WARNING * * *
You closely miss the yellow draconian annihilator.
The yellow draconian annihilator is heavily wounded.
The yellow draconian annihilator casts a spell at you.
The crystal spear hits you!!!
You die...
Your body crumbles into a pile of gold.

.#q#.#.#..........#
.$......#.####.##.# .#.#.#.##.#
#.##.# .§........# #.##+#######
.#.#.#.#..# #.#........#######
........#.####$#........+.....#
.#.#.#.##...>..'........#####.#
###§#####......#q.......# #.###
......q§).######@.......# #....
###.#####.# #........# #.###
###'#####'######...∩....# #.#
.....§.........########## #.#
..≈§≈≈≈........# #.# #
..§§≈≈≈....)...# #.# #
..§###≈........# #.# # ..≈
#§........# #.# # ..≈
#≈........# #.# #


You could see a yellow draconian annihilator.

Vanquished Creatures
  2 juggernauts
  2 caustic shrikes (Depths:2)
  6 golden dragons
  7 bone dragons
  4 tentacled monstrosities
  Jorgrun (Spider:3)
  3 liches
  3 titans
  A walking divine tome (Depths:2)
  A deep elf master archer (Elf:3)
  5 quicksilver dragons
  5 sphinxes
  Kirke (D:15)
  A thorn hunter (Swamp:1)
  Donald (Elf:3)
  10 tentacled starspawn
  6 shadow dragons
  Agnes (Spider:3)
  2 fenstrider witches (Swamp:3)
  4 tengu reavers
  6 frost giants
  2 storm dragons
  5 draconian monks
  6 fire giants (Depths:2)
  Roxanne (Elf:3)
  9 deep elf sorcerers
  Louise (Swamp:4)
  5 vault wardens
  16 emperor scorpions
  4 ghost moths
  3 draconian stormcallers
  3 orc warlords
  3 imperial myrmidons (Desolation)
  4 deep elf elementalists
  3 ghouls (Swamp:1)
  2 spriggan defenders
  A draconian shifter (Zot:1)
  9 stone giants
  An angel (Abyss:3)
  2 broodmothers (Spider:4)
  9 very ugly things
  A war gargoyle (Desolation)
  15 ironbound preservers
  5 ironbound thunderhulks
  4 draconian annihilators
  A caustic shrike skeleton (Abyss:3)
  2 ophanim (Abyss:3)
  7 eleionomae
  A vampire knight (Depths:4)
  4 deep elf demonologists (Elf:3)
  9 green draconians
  Azrael (Orc:2)
  A dire elephant (Vaults:1)
  7 entropy weavers
  A lorocyproca (Abyss:3)
  7 black draconians
  10 deep elf annihilators
  4 purple draconians
  2 yellow draconians (Zot:1)
  A minotaur (Depths:1)
  10 red draconians
  11 white draconians
  6 spark wasps
  4 bunyips
  4 deep elf death magi
  A green death (Abyss:1)
  6 ettins
  Josephine (D:13)
  12 ragged hierophants
  10 great orbs of eyes
  11 yaktaur captains
  9 deep elf high priests
  3 rakshasas
  24 hydras
  A shambling mangrove (Swamp:4)
  2 boulder beetles
  10 peacekeepers (Desolation)
  7 fire dragons
  9 ice dragons
  8 servants of whispers
  13 vault guards
  Harold (D:10)
  4 ogre magi
  2 catoblepae
  Erica (D:12)
  13 centaur warriors
  A merfolk avatar (Lair:6)
  2 spriggan air magi
  4 radroaches
  An anaconda (shapeshifter) (Depths:4)
  7 ironbound frosthearts
  21 alligators
  The ghost of SuisLittleHoshiymin the Cutter, a journeyman HuEn of Wu Jian (Lair:1)
  15 two-headed ogres
  3 ghost crabs
  8 tengu warriors
  5 deep troll shamans
  12 death yaks
  5 deep troll earth magi
  3 hell hogs (Abyss:3)
  Urug (D:12)
  A soul eater (Depths:2)
  10 thrashing horrors
  3 spriggan berserkers (Depths:2)
  2 orc high priests
  27 hell knights
  6 iron trolls
  Nergalle (D:10)
  10 spriggans
  8 deep elf knights
  2 sun demons
  2 sun moths
  10 wretched stars
  2 shadow wraiths
  2 sixfirhies
  2 skeletal warriors (D:13)
  2 cherubim (Abyss:3)
  6 pharaoh ants
  58 deep trolls
  A titan skeleton (Abyss:3)
  10 orb spiders
  2 spatial maelstroms (Abyss:3)
  3 goliath frogs
  2 shadow demons
  2 spriggan druids
  2 sea snakes (Lair:6)
  10 steelbarb worms
  3 death drakes
  14 swamp dragons
  11 bog bodies
  2 flayed ghosts
  A spriggan simulacrum (Abyss:1)
  6 wizards
  6 glowing orange brains
  8 deep elf archers
  14 lindwurms
  8 necromancers
  25 deep elf pyromancers
  18 ironbound convokers
  A cyclops (shapeshifter) (Vaults:3)
  10 harpies
  54 ugly things
  30 wolf spiders
  8 orc knights
  12 orc sorcerers
  9 cyclopes
  14 deep elf zephyrmancers
  5 spectral spriggans (Swamp:1)
  5 manticores
  11 will-o-the-wisps
  4 elephants (Lair:6)
  A human zombie (Vaults:1)
  3 worldbinders
  A rust devil (Depths:2)
  10 moths of wrath
  Maurice (D:12)
  5 molten gargoyles (Desolation)
  Joseph (D:8)
  A guardian serpent (shapeshifter) (Abyss:3)
  3 guardian serpents (Desolation)
  13 vault sentinels
  A fire giant skeleton (Vaults:3)
  4 torpor snails
  4 black mambas (Lair:4)
  4 gargoyles
  7 smoke demons
  4 apocalypse crabs (Abyss:3)
  An orange demon (Abyss:3)
  Maggie (D:8)
  6 rime drakes
  23 cane toads
  A naga skeleton (Abyss:3)
  3 kobold demonologists
  14 komodo dragons
  12 demonic crawlers
  4 unseen horrors
  24 yaktaurs
  3 freezing wraiths
  2 efreet
  4 tengu conjurers
  3 hellwings
  An ice devil (Depths:2)
  A bloated husk (Swamp:3)
  8 meliai
  12 ancient zymes
  A polar bear (shapeshifter) (D:10)
  A queen bee (Lair:1)
  7 trolls
  A polar bear (Lair:1)
  Grinder (D:3)
  55 saltlings
  15 hornets
  10 blink frogs
  35 tarantellas
  13 tyrant leeches
  2 snapping turtles (Lair:6)
  17 slime creatures
  7 dream sheep (Lair:5)
  A dream sheep (shapeshifter) (Vaults:4)
  15 raiju
  An ettin zombie (Vaults:3)
  2 air elementals
  5 flying skulls (Abyss:3)
  28 jumping spiders
  42 starcursed masses
  10 wyverns
  23 culicivoras
  2 vampires
  8 water elementals
  2 shadows (D:9)
  38 yaks
  5 wraiths
  5 ynoxinuls
  7 chaos spawn
  2 basilisks (shapeshifter)
  13 fire elementals
  A spriggan (shapeshifter) (Vaults:3)
  2 hogs (D:15)
  7 neqoxecs
  A steam dragon (Lair:4)
  2 golden eyes (Abyss:3)
  58 redbacks
  15 vampire mosquitoes
  6 basilisks
  2 yaktaur simulacra (Vaults:3)
  A harpy simulacrum (Abyss:3)
  4 wargs (Orc:2)
  2 spatial vortices (Abyss:3)
  13 swamp worms
  4 acid dragons
  42 water moccasins
  6 hell hounds
  2 hydra simulacra (Swamp:2)
  26 orc warriors
  20 large abominations
  A floating eye (Depths:2)
  9 swamp drakes
  3 sky beasts
  5 ogres
  The ghost of Ballistic the Skirmisher, an amateur HOFi of Qazlal (D:3)
  5 ice beasts
  5 black bears
  7 centaurs
  2 ettin simulacra
  A boggart (D:10)
  24 wolves
  2 phantoms
  11 kobold brigands
  13 bullfrogs
  3 gnoll sergeants
  3 necrophages
  30 scorpions
  Blork the orc (D:5)
  5 earth elementals
  6 wights
  17 killer bees
  7 electric eels
  7 howler monkeys
  7 spriggan skeletons
  A troll skeleton (D:9)
  4 crimson imps (D:8)
  3 quasits
  2 jellies
  A bullfrog skeleton (D:3)
  A hound (D:5)
  A gnoll shaman (D:7)
  14 orc priests
  6 iron imps
  9 iguanas
  Terence (D:3)
  38 orc wizards
  27 small abominations
  A howler monkey zombie (D:3)
  Robin (D:2)
  9 gnolls
  15 adders
  4 shadow imps
  3 white imps
  A worm (D:2)
  The ghost of NvF the Shield-Bearer, a weakling FoFi (D:11)
  87 orcs
  8 endoplasms
  2 giant cockroaches
  10 hobgoblins
  4 jackals (D:1)
  5 quokkas
  8 ball pythons
  5 bats
  6 frilled lizards
  17 goblins
  7 kobolds
  A kobold zombie (D:7)
  3 rats (D:1)
  A butterfly (Lair:1)
  2 lurking horrors (Abyss:3)
  A pillar of salt (Desolation)
  6 starspawn tentacles
2246 creatures vanquished.

Vanquished Creatures (collateral kills)
  The ghost of Leniwium the Intangible, a legendary KoBe of Trog (Zot:1)
  A moth of wrath (Zot:1)
2 creatures vanquished.

Vanquished Creatures (others)
  2 death cobs (Zot:1)
  A black draconian (Depths:4)
  13 dancing weapons
  An alligator (Swamp:1)
  A thrashing horror (Abyss:3)
  A steelbarb worm (shapeshifter) (Depths:2)
  A lindwurm (Swamp:4)
  4 bloated husks
  A water elemental (Abyss:3)
  A human (D:7)
  3 orc wizards (Orc:2)
  A bush (D:8)
  74 foxfires
  27 fungi
  2 lurking horrors (Abyss:3)
  3 pillars of salt (Desolation)
  119 plants
  18 starspawn tentacles
  2 withered plants (Desolation)
275 creatures vanquished.

Grand Total: 2523 creatures vanquished

Notes
Turn   | Place    | Note
-------+----------+-------------------------------------------
     0 | D:1      | Illumine the Minotaur Wanderer began the quest for the Orb.
     0 | D:1      | Illumine set off with the following items: a +1 rapier, a
                  | potion of berserk rage, a +0 leather armour; and the
                  | following spell memorised: Sting; and the following spells
                  | available to memorise: Ignite Poison
     0 | D:1      | Reached XP level 1. HP: 22/22 MP: 1/1
   282 | D:1      | Reached XP level 2. HP: 20/28 MP: 2/2
   283 | D:1      | Reached skill level 5 in Fighting
  1102 | D:2      | Reached XP level 3. HP: 30/36 MP: 3/3
  1180 | D:2      | Found a stormy altar of Qazlal.
  1212 | D:2      | HP: 1/36 [poisoned by an adder]
  1596 | D:2      | Found a faded altar of an unknown god.
  2025 | D:2      | Reached XP level 4. HP: 42/42 MP: 1/4
  2315 | D:3      | Noticed Grinder
  2389 | D:3      | Noticed Robin
  2412 | D:2      | Killed Robin
  2491 | D:3      | Found Douron's Armour Shop.
  2549 | D:3      | Found a transporter.
  2551 | D:3      | Noticed Ballistic's ghost (amateur HOFi)
  2555 | D:3      | Found a transporter.
  2580 | D:3      | Paralysed by Grinder for 5 turns
  2600 | D:3      | Killed Grinder
  2601 | D:3      | Reached skill level 5 in Short Blades
  2601 | D:3      | Reached XP level 5. HP: 17/50 MP: 5/5
  2601 | D:3      | Reached XP level 6. HP: 19/57 MP: 6/6
  3237 | D:3      | Noticed Terence
  3257 | D:3      | Killed Terence
  3901 | D:4      | Reached skill level 5 in Armour
  3901 | D:4      | Reached XP level 7. HP: 48/64 MP: 7/7
  3979 | D:4      | Found a glowing silver altar of Zin.
  4381 | D:4      | Found an opulent altar of Gozag.
  4412 | D:4      | Became a worshipper of Gozag Ym Sagoz the Greedy
  4600 | D:5      | Entered Level 5 of the Dungeon
  4674 | D:5      | Noticed Blork the orc
  4911 | D:5      | Killed Blork the orc
  4919 | D:5      | Identified the +4 hand axe "Vuenun" {drain, +Blink rPois
                  | Will++ Int-3}
  4964 | D:5      | Reached skill level 1 in Axes
  5386 | D:6      | Found a shimmering blue altar of Sif Muna.
  5494 | D:6      | Reached XP level 8. HP: 70/74 MP: 8/8
  5953 | D:6      | Found a staircase to the Ecumenical Temple.
  6323 | D:7      | Found Cunk's General Store.
  6338 | D:7      | Bought a scroll of fog for 28 gold pieces
  6338 | D:7      | Bought a scroll of identify for 28 gold pieces
  6338 | D:7      | Bought 2 potions of heal wounds for 140 gold pieces
  6394 | D:7      | Found an iron altar of Okawaru.
  6438 | D:7      | Noticed a two-headed ogre
  6511 | D:7      | Found Jooqo's Magic Scroll Boutique.
  6679 | D:7      | Reached skill level 5 in Axes
  6708 | D:7      | Reached XP level 9. HP: 37/84 MP: 9/9
  6777 | D:7      | Reached skill level 10 in Fighting
  7084 | D:7      | Found a runed translucent door.
  7102 | D:7      | Found a basalt altar of Yredelemnul.
  7146 | D:7      | Reached skill level 1 in Shields
  7149 | D:7      | Found Xomu's Distillery.
  7158 | D:7      | Bought a potion of might for 40 gold pieces
  7178 | D:7      | Killed a two-headed ogre
  7299 | D:7      | Bought a scroll of identify for 24 gold pieces
  7299 | D:7      | Bought a scroll of identify for 24 gold pieces
  7338 | D:7      | Found Deumn's General Store.
  7422 | D:8      | Found a glowing golden altar of the Shining One.
  7434 | D:7      | Reached XP level 10. HP: 74/95 MP: 10/10
  7472 | D:7      | Reached skill level 10 in Armour
  7845 | D:8      | Found a shadowy altar of Dithmenos.
  8043 | D:8      | Reached skill level 5 in Shields
  8067 | D:8      | Found a staircase to the Lair.
  8289 | D:8      | Reached skill level 1 in Long Blades
  8322 | D:8      | Noticed Maggie
  8322 | D:8      | Noticed Joseph
  8378 | D:7      | Bought the +11 great sword of Peril {holy, Will+} for 872
                  | gold pieces
  8613 | D:9      | Noticed a two-headed ogre
  8617 | D:9      | Killed a two-headed ogre
  8618 | D:9      | Reached XP level 11. HP: 89/104 MP: 9/11
  8868 | D:9      | Reached skill level 5 in Long Blades
  8904 | D:9      | Noticed a two-headed ogre
  8911 | D:9      | Killed a two-headed ogre
  9284 | D:10     | Entered Level 10 of the Dungeon
  9322 | D:10     | Found Mampi's Distillery.
  9327 | D:10     | Noticed Nergalle
  9336 | D:10     | Killed Nergalle
  9433 | D:10     | Reached skill level 1 in Throwing
  9456 | D:10     | Noticed an ogre mage
  9467 | D:10     | Killed an ogre mage
  9478 | D:10     | Noticed an orc knight
  9485 | D:10     | Killed an orc knight
  9489 | D:10     | Noticed a centaur warrior
  9501 | D:10     | Killed a centaur warrior
  9517 | D:10     | Noticed a two-headed ogre
  9523 | D:10     | Killed a two-headed ogre
  9591 | Lair:1   | Entered Level 1 of the Lair of Beasts
  9687 | Lair:1   | Found a transporter.
  9687 | Lair:1   | Found a transporter.
  9688 | Lair:1   | Noticed SuisLittleHoshiymin's ghost (journeyman HuEn)
  9785 | Lair:1   | Reached XP level 12. HP: 109/115 MP: 12/12
 10627 | Lair:2   | Reached skill level 5 in Throwing
 10943 | Lair:2   | Found a hole to the Spider Nest.
 11711 | Lair:3   | Identified a scroll of acquirement
 11729 | Lair:3   | Acquired 590 gold pieces
 12389 | Lair:4   | Noticed a four-headed hydra
 12413 | Lair:4   | Killed a one-headed hydra
 12507 | Lair:4   | Noticed a death yak
 12507 | Lair:4   | Noticed a death yak
 12530 | Lair:4   | Noticed a death yak
 12531 | Lair:4   | Noticed a death yak
 12531 | Lair:4   | Noticed a death yak
 12532 | Lair:4   | Noticed a death yak
 12533 | Lair:4   | Killed a death yak
 12814 | D:3      | Killed Ballistic's ghost
 13040 | D:8      | Killed Joseph
 13046 | D:8      | Killed Maggie
 13124 | D:8      | Found a shimmering altar of Xom.
 13570 | Lair:1   | Reached XP level 13. HP: 87/125 MP: 13/13
 13578 | Lair:1   | Killed SuisLittleHoshiymin's ghost
 13579 | Lair:1   | Reached skill level 15 in Fighting
 14830 | D:3      | Bought the +9 crystal plate armour of Too Many Cooks {rPois
                  | rN+ Int-2} for 1364 gold pieces
 15092 | Lair:4   | Reached skill level 15 in Armour
 15226 | Lair:4   | Reached skill level 10 in Long Blades
 15586 | Lair:4   | Found a staircase to the Swamp.
 16409 | Lair:5   | Reached XP level 14. HP: 117/138 MP: 14/14
 17226 | Lair:6   | Entered Level 6 of the Lair of Beasts
 17609 | Lair:6   | Found a staircase to the Slime Pits.
 17893 | Lair:6   | Acquired the +2 pair of gloves "Inotupn" {Int+3 SInv}
 18916 | D:10     | Identified the +7 plate armour of Mifomu Iled {Rampage
                  | Will+++ Str+3 Stlth+}
 19054 | D:10     | Noticed Harold
 19064 | D:10     | Killed Harold
 19129 | D:10     | Reached skill level 1 in Evocations
 19155 | D:10     | Found a stormy altar of Qazlal.
 19186 | D:10     | Found a radiant altar of Vehumet.
 19395 | D:10     | Found a portal to a secret trove of treasure.
 20061 | D:11     | Found a runed translucent gate.
 20061 | D:11     | Found a runed translucent gate.
 20061 | D:11     | Noticed NvF's ghost (weakling FoFi)
 20062 | D:11     | Found a runed translucent gate.
 20787 | D:12     | Reached XP level 15. HP: 91/149 MP: 15/15
 20789 | D:12     | Found a glowing silver altar of Zin.
 21807 | D:12     | Found a staircase to the Orcish Mines.
 21834 | D:12     | Bought a +2 triple crossbow of freezing for 360 gold pieces
 21964 | D:12     | Noticed Maurice
 21981 | D:12     | Killed Maurice
 22390 | D:13     | Reached skill level 1 in Crossbows
 22488 | Orc:1    | Entered Level 1 of the Orcish Mines
 22495 | Orc:1    | Noticed Erica
 22515 | D:12     | Killed Erica
 22793 | Orc:1    | You fall into a shaft and drop 1 floor!
 22793 | Orc:2    | Entered Level 2 of the Orcish Mines
 22793 | Orc:2    | Noticed an orc warlord
 22799 | Orc:2    | Noticed Azrael
 22806 | Orc:2    | Found a staircase to the Elven Halls.
 23467 | Orc:2    | Killed an orc warlord
 23584 | Orc:2    | Found a bloodstained altar of Trog.
 24101 | Orc:2    | Killed Azrael
 24319 | Orc:2    | Reached skill level 15 in Long Blades
 24357 | Orc:2    | Paralysed by an orc sorcerer for 5 turns
 24548 | Orc:2    | Found Ypix Jud's Jewellery Emporium.
 24653 | Orc:2    | Found a radiant altar of Vehumet.
 24762 | Orc:2    | Found Daumpyt's Antique Weapon Emporium.
 24808 | Orc:2    | Found an ancient bone altar of Kikubaaqudgha.
 24814 | Orc:2    | Found Gabror's Magic Scroll Emporium.
 24872 | Orc:2    | Found Fillog's Antique Weapon Shoppe.
 24914 | Orc:2    | Bought a scroll of enchant armour for 97 gold pieces
 24914 | Orc:2    | Bought a scroll of teleportation for 39 gold pieces
 25403 | D:12     | Noticed Urug
 25410 | D:12     | Killed Urug
 25637 | D:13     | Reached skill level 5 in Crossbows
 26084 | D:13     | Noticed Josephine
 26097 | D:13     | Killed Josephine
 26481 | D:13     | Found Momat's Magic Scroll Shop.
 26853 | D:14     | Reached XP level 16. HP: 147/159 MP: 16/16
 26893 | D:14     | Found a gate to the Vaults.
 27972 | D:15     | Entered Level 15 of the Dungeon
 28423 | D:15     | Found a staircase to the Depths.
 28977 | D:15     | Noticed Kirke
 28988 | D:15     | Killed Kirke
 29732 | Swamp:1  | Entered Level 1 of the Swamp
 29743 | Lair:4   | Bought a pair of shimmering gloves for 408 gold pieces
 29743 | Lair:4   | Identified the -3 pair of gloves "Dayman" {rElec} (You
                  | bought it in a shop on level 4 of the Lair of Beasts)
 29762 | Swamp:1  | Noticed a thorn hunter
 29771 | Swamp:1  | Killed a thorn hunter
 31695 | Swamp:1  | Reached XP level 17. HP: 152/168 MP: 17/17
 33731 | Swamp:2  | Acquired the +3 pair of seven-league boots {Rampage+∞}
 33731 | Swamp:2  | Found the +3 pair of seven-league boots {Rampage+∞}
 35821 | Swamp:4  | Entered Level 4 of the Swamp
 35844 | Swamp:4  | Paralysed by a fenstrider witch for 5 turns
 37252 | Swamp:4  | Noticed Louise
 37278 | Swamp:4  | Killed Louise
 37497 | Swamp:4  | Reached skill level 5 in Evocations
 37704 | Swamp:4  | Reached XP level 18. HP: 180/180 MP: 18/18
 37761 | Swamp:4  | Got a decaying rune of Zot
 38335 | Spider:1 | Entered Level 1 of the Spider Nest
 40978 | Spider:2 | Upgraded the game from 0.29-a0-474-gdfe5cd1 to
                  | 0.29-a0-477-g62b78b4
 41167 | Spider:2 | Reached skill level 10 in Crossbows
 42184 | Spider:3 | Noticed Jorgrun
 42436 | Vaults:1 | Entered Level 1 of the Vaults
 42762 | Vaults:1 | Paralysed by a great orb of eyes for 4 turns
 42827 | Vaults:1 | Reached XP level 19. HP: 141/192 MP: 19/19
 46622 | Vaults:2 | You fall into a shaft and drop 2 floors!
 46725 | Vaults:4 | Found the +5 glaive of the Guard {elec, spectral, AC+5}
 48823 | Vaults:4 | Reached XP level 20. HP: 175/204 MP: 20/20
 49827 | Vaults:3 | Found a staircase to the Crypt.
 49827 | Vaults:3 | Found an ancient bone altar of Kikubaaqudgha.
 49828 | Vaults:3 | Found a basalt altar of Yredelemnul.
 51134 | Vaults:3 | Found Afiutyr's Jewellery Boutique.
 51155 | Vaults:3 | Bought the amulet of the Trout {Spirit Drain rF+++ rN+
                  | Dex+4} for 1659 gold pieces
 52683 | Elf:1    | Entered Level 1 of the Elven Halls
 52950 | Elf:1    | Found a crumbling gateway.
 53018 | Desolati | Entered the Desolation of Salt
 53156 | Desolati | Reached skill level 15 in Crossbows
 53205 | Desolati | Identified the +6 whip "Concordance" {vorpal, rElec rF+++
                  | Will-}
 53740 | Desolati | Got Tiobill's Grimoire of the Arsonist and Intoxication
 53748 | Desolati | Identified the ring of Meta {rN++ Slay+4}
 53756 | Desolati | Identified the amulet of Xuloyq {Spirit Rampage rPois rF-
                  | Str+3}
 53758 | Desolati | Got the Compendium of the Venomous Birds
 53957 | Desolati | Reached XP level 21. HP: 187/216 MP: 17/21
 54001 | Desolati | Identified the ring "Iraqol" {Drain rN+ EV+4 Int+3 Dex+5}
 54009 | Desolati | Got Gaegrola's Disquisition on the Icy Mountains
 54011 | Desolati | Got the Catalogue of the Mountains
 54013 | Desolati | Identified the ring of Qorgh {Str+6 Int+5}
 55006 | Elf:2    | Found a runed translucent gate.
 55006 | Elf:2    | Found a runed translucent gate.
 55017 | Elf:2    | Found a runed translucent gate.
 55116 | Elf:2    | Found Eshrueth's Antique Armour Shoppe.
 55814 | Elf:2    | Paralysed by an air elemental for 1 turns
 56029 | Elf:3    | Entered Level 3 of the Elven Halls
 56142 | Elf:3    | Noticed Donald
 56663 | Elf:3    | Killed Donald
 56923 | Elf:3    | Noticed Roxanne
 57136 | Elf:3    | Killed Roxanne
 57211 | Elf:3    | Identified the ring "Laedamea" {Fly rC+ rN+ Str+2}
 57444 | Elf:3    | Identified the +8 rapier "Impbane" {vorpal, Int+6}
 57713 | Elf:3    | Identified the +9 hand axe of the Glowing Spider {vorpal,
                  | rF+ rC+ Stlth+}
 57713 | Elf:3    | Identified the ring "Niwy" {Int+6 Stlth+}
 57716 | Elf:3    | Cast into level 3 of the Abyss (a deep elf sorcerer)
 58046 | Elf:3    | Escaped the Abyss
 58206 | Elf:3    | Identified the +10 war axe "Acarine's Funeral" {vorpal,
                  | Str+3 Int+3}
 58483 | Elf:3    | Identified the ring "Beehy" {rElec rF- EV+4 Str+4}
 58802 | Elf:3    | Found the +2 hat of the Bear Spirit {Spirit, *Rage Will++}
 58837 | Elf:3    | Identified the +0 scale mail of Noada {Regen+ Str+3 Dex+3}
 58884 | Elf:3    | Identified the +6 arbalest of the Battered Stars {venom,
                  | rC++ Will+ Str+2}
 59479 | D:11     | Killed NvF's ghost
 59754 | Spider:3 | Killed Jorgrun
 59862 | Spider:3 | Acquired 485 gold pieces
 59884 | Spider:3 | Noticed Agnes
 59895 | Spider:3 | Killed Agnes
 60113 | Spider:4 | Entered Level 4 of the Spider Nest
 61121 | Spider:4 | Reached XP level 22. HP: 228/228 MP: 22/22
 62038 | Spider:4 | Identified the -3 pair of boots of Nott {rF+ rC+ Str+3}
 62060 | Spider:4 | Reached skill level 10 in Throwing
 62066 | Spider:4 | Got a gossamer rune of Zot
 62318 | Spider:4 | Identified the +0 hat of Viny Music {rPois rN+ Int+4}
 62711 | Depths:1 | Entered Level 1 of the Depths
 62820 | Depths:1 | Found Udwos's Book Shoppe.
 63154 | Depths:1 | Found Jana's Antique Weapon Shoppe.
 63154 | Depths:1 | Found Qughinys's Antique Armour Emporium.
 63159 | Depths:1 | Found Ceutyw Ceqak's Magic Scroll Emporium.
 63206 | Depths:1 | Found the +10 morningstar "Eos" {elec, Halo rElec}
 64026 | Depths:1 | Found a gateway to Hell.
 64661 | Depths:1 | Found a hazy altar of Hepliaklqana.
 64663 | Depths:1 | Found a faded altar of an unknown god.
 65201 | Depths:2 | Noticed a golden dragon
 65443 | Depths:2 | Killed a golden dragon
 65492 | Depths:2 | Noticed a caustic shrike
 65498 | Depths:2 | Killed a caustic shrike
 65588 | Depths:2 | Noticed a caustic shrike
 65601 | Depths:2 | Killed a caustic shrike
 66706 | Depths:2 | Found a one-way gate leading to the halls of Pandemonium.
 66738 | Depths:2 | Gained mutation: You tend to lose your temper in combat. [a
                  | neqoxec]
 67454 | Depths:3 | Found a one-way gate to the infinite horrors of the Abyss.
 67512 | Depths:3 | Identified the +11 great sword of the Tentacled God
                  | {vorpal, rElec rN+ Str+2 Int+3}
 67606 | Depths:3 | Found the ring of the Mage {Wiz Archmagi}
 67606 | Depths:3 | Found the -2 hat of the Alchemist {rElec rPois rF+ rC+ rN+
                  | Will+ rMut rCorr}
 67608 | Depths:3 | Found a runed translucent door.
 67609 | Depths:3 | Noticed a juggernaut
 67610 | Depths:3 | Noticed a caustic shrike
 67610 | Depths:3 | Identified the ring of Bann {rN+ Str-4 Int+2 Dex+6 Slay+5}
 67627 | Depths:3 | Found a one-way gateway to a ziggurat.
 67729 | Depths:3 | Reached XP level 23. HP: 239/239 MP: 13/23
 67736 | Depths:3 | Reached skill level 27 in Fighting
 68070 | Depths:3 | Found Hagisosk's Antique Weapon Emporium.
 68138 | Depths:4 | Entered Level 4 of the Depths
 68210 | Depths:4 | Found a transporter.
 68213 | Depths:4 | Noticed a caustic shrike
 68216 | Depths:4 | Noticed a juggernaut
 68217 | Depths:4 | Noticed Dega's ghost (adept SpHu)
 68857 | Depths:4 | Reached skill level 27 in Armour
 69397 | Depths:4 | Reached skill level 1 in Dodging
 69659 | Depths:4 | Found a transporter.
 70416 | Depths:4 | Reached skill level 5 in Dodging
 70616 | Depths:4 | Found a gate to the Realm of Zot.
 70924 | Depths:4 | Noticed a juggernaut
 70936 | Depths:4 | Killed a juggernaut
 71296 | Depths:3 | Voluntarily entered the Abyss.
 72308 | Abyss:3  | Paralysed by accursed screaming for 1 turns
 72594 | Abyss:3  | Gained mutation: You are clumsy. (Dex -2) [a neqoxec]
 72612 | Abyss:3  | Gained mutation: You do not regenerate when monsters are
                  | visible. [a neqoxec]
 72846 | Abyss:3  | Found a transporter.
 72850 | Abyss:3  | Found a corrupted altar of Lugonu.
 72856 | Abyss:3  | Found a transporter.
 72918 | Abyss:3  | Gained mutation: You are dopey. (Int -2) [a neqoxec]
 72946 | Abyss:3  | Found a transporter.
 73016 | Abyss:3  | Found a glowing golden altar of the Shining One.
 73084 | Abyss:3  | Noticed a juggernaut
 73094 | Abyss:3  | Killed a juggernaut
 73099 | Abyss:3  | Reached XP level 24. HP: 35/249 MP: 2/23
 73099 | Abyss:3  | Reached XP level 25. HP: 37/257 MP: 2/23
 73099 | Abyss:3  | Got an abyssal rune of Zot
 73539 | Abyss:3  | Found a glowing golden altar of the Shining One.
 73574 | Depths:3 | Escaped the Abyss
 74139 | Zot:1    | Entered Level 1 of the Realm of Zot
 74394 | Zot:1    | Found a runed translucent gate.
 74394 | Zot:1    | Found a runed translucent gate.
 74394 | Zot:1    | Found a runed translucent gate.
 74397 | Zot:1    | Noticed Leniwium's ghost (legendary KoBe)
 74448 | Zot:1    | Killed Leniwium's ghost
 75995 | Zot:1    | Cast into level 3 of the Abyss (purple draconian shifter)
 76096 | Zot:1    | Escaped the Abyss
 76144 | Zot:1    | Killed from afar by a yellow draconian annihilator

Illustrated notes

Levels and vault maps discovered:
D:1:      lemuel_arrival_tunnels, layout_basic
D:2:      layout_rooms, shapermc_ecumenical_altar_rom_forum, basic_altar
D:3:      layout_loops_ring, gammafunk_ghost_mausoleum, serial_shops, shop,
          grunt_ministairs_9, uniq_grinder, uniq_terence, uniq_robin
D:4:      layout_gridville, old_standard_altar, nicolae_overflow_crystal_walls
D:5:      layout_gridville, uniq_blork_the_orc
D:6:      layout_basic, led_sif_pool, minmay_temple_entry_waves
D:7:      nzn_winding_woodlands_small [nzn_winding_woodlands_5x15_eye,
          nzn_winding_woodlands_center_pierced_h,
          nzn_winding_woodlands_5x15_twine], layout_cave_pools,
          kennysheep_okawaru_gauntlet, dk_yredelemnul_ordeal, serial_shops,
          kennysheep_mini, nicolae_shop_trees, shop, nicolae_shop_statue_plus,
          minivault_1
D:8:      layout_loops_ring, grunt_dithmenos_shadows, overflow_temple_1_default,
          led_xom_imps, minmay_lair_entry_grove, uniq_maggie, uniq_joseph
D:9:      layout_loops_ring, hangedman_tell_no_tales
D:10:     minmay_the_grid_4x2 [minmay_the_grid_holed_spiral,
          minmay_the_grid_minigrid_medium, minmay_the_grid_tiny_cups,
          minmay_the_grid_eight, minmay_the_grid_dragon_a,
          minmay_the_grid_paths, minmay_the_grid_outer_circle,
          minmay_the_grid_prize_four_corners], layout_irregular_city,
          mainiacjoe_overflow_large_starburst, enter_trove_5, serial_shops,
          shop, serial_bayou, serial_bayou_shore_a, serial_bayou_pond_e,
          serial_bayou_ford_a, serial_bayou_lake_a, uniq_harold, uniq_nergalle
D:11:     layout_loops_corners, gammafunk_ghost_nasty_kobolds
D:12:     hangedman_cross_cluster, layout_basic, david_orc_5, uniq_maurice,
          uniq_urug
D:13:     minmay_cut_squares, layout_loops_ring, serial_shops,
          nicolae_lakefront_shop, statue_in_the_mist_lemuel, uniq_josephine
D:14:     layout_loops_ring, erik_vaults_2, hangedman_decor_riveting,
          grunt_ministairs_14
D:15:     grunt_enter_depths_giant_problem, layout_loops_cross,
          minmay_misc_feat_ornament, uniq_kirke
Lair:1:   lemuel_reptile_caves, layout_loops_ring, gammafunk_ghost_hive,
          minivault_19, minivault_24, lemuel_fruit_fields
Lair:2:   layout_roguey, hellmonk_spider_entry_not_the_bees,
          beast_lair_carwin_11, grunt_megastairs_3, serial_bayou_shore_b
Lair:3:   layout_gridlike, lemuel_old_faithful
Lair:4:   layout_cave_pods, palyth_hydra_swamp_entry,
          dreamdust_deal_with_the_devil
Lair:5:   layout_cave_pods, minmay_hedge_maze, infiniplex_staircase_pool,
          grunt_megastairs_4
Lair:6:   gammafunk_lair_ancient_temple, layout_hall_layers, slime_dummy,
          lemuel_fruit_tree
Swamp:1:  nicolae_swamp_flooded_prison, layout_falls_marsh, serial_swamp_ruin,
          evilmike_swamp_ruin_rubble_2, evilmike_swamp_ruin_wall
Swamp:2:  layout_basic_swamp, hangedman_swamp_ruin_wall, ldierk_geyser,
          hangedman_swamp_double_dragon
Swamp:3:  layout_falls_marsh, evilmike_swamp_ruin_house_2,
          nzn_swamp_blast_mining
Swamp:4:  swamp_alternative, layout_basic_swamp, nicolae_swamp_treefoil,
          uniq_louise
Spider:1: spiders_nest_a
Spider:2: layout_spider_delve
Spider:3: layout_spider_delve, uniq_jorgrun, uniq_agnes
Spider:4: guppyfry_spider_rune
Orc:1:    layout_diamond_mine, uniq_erica
Orc:2:    kennysheep_orc_mage_school, layout_diamond_mine, basic_altar,
          lightli_orcish_oven, uniq_azrael
Elf:1:    minmay_elf_arrival_circle, layout_loops_corners,
          portal_desolation_entry_nicolae_nacl, evilmike_minifort
Elf:2:    nicolae_elf_blades_splatter_lattice [mumra_blade_entry_bloodbath],
          layout_loops_corners, serial_shops, nicolae_diamond_shop,
          amcnicky_mini_rare_corridor_liquid, hangedman_elf_represent
Elf:3:    minmay_elf_hall_x, layout_loops_cross, uniq_roxanne, uniq_donald
Vaults:1: vaults_mumra_hex, v_misc_17, hangedman_vaults_restitches, v_pattern_1,
          nicolae_vaults_windows_and_doors_thing,
          nicolae_vaults_disjoint_gnomons, v_misc_8,
          nicolae_vaults_network_quinsquares
          [nicolae_vaults_network_quincunx_subvault,
          nicolae_vaults_network_quincunx_subvault,
          nicolae_vaults_network_quincunx_subvault,
          nicolae_vaults_network_quincunx_subvault], v_misc_19,
          nicolae_vaults_little_squares_1, layout_vaults_omnicross
Vaults:2: grunt_vaults_funnel, vaults_mumra_minichess_inversion,
          hangedman_vaults_slither, vaults_mumra_minichess,
          vaults_room_grunt_arrival_checkpoint, nicolae_vaults_three_branches,
          layout_vaults_omnigrid, serial_shops, nicolae_shop_window_shopping
Vaults:3: ontoclasm_vaults_claustrophobia, ontoclasm_vaults_chip,
          minmay_crypt_entry_necro_gods, vaults_mumra_lcd,
          ontoclasm_vaults_twist, nicolae_vaults_theta,
          nicolae_vaults_network_barrier, nicolae_vaults_twisting_passages,
          hangedman_vaults_impose, st_lattice, grunt_vaults_diagonal,
          nicolae_vaults_yaktaur_gun_rack, nicolae_vaults_network_s,
          nicolae_vaults_circle_grid_a, vaults_dpeg_diagonal, serial_ice_b,
          vaults_room_grid, v_misc_9, ontoclasm_vaults_gateway,
          layout_vaults_omnibox, serial_shops, nicolae_shop_crystal
Vaults:4: vaults_room_boxed, nicolae_vaults_puzzle_piece, ontoclasm_vaults_spin,
          hangedman_vaults_trim, vaults_room_door_hall, v_alt_pattern_6,
          minmay_guarded_unrand_guard_vaults, ontoclasm_vaults_shuriken,
          nicolae_vaults_shelves_hall, layout_vaults_ring
Depths:1: layout_honeycomb, hell_entry, nicolae_lava_and_water,
          beargit_hepliaklqana_dungeon_heroes, minmay_shoptagon
Depths:2: minmay_four_inscribed_fans, layout_basic, grunt_pan_entry_sceptre,
          hell_entry, serial_bayou_lagoon_a
Depths:3: minmay_gate_of_8, layout_gridville, enter_ziggurat_c, serial_shops,
          shop, hell_entry, abyss_entry, kennysheep_generic_room_11,
          infiniplex_staircase_spiral, grunt_megastairs_5
Depths:4: lemuel_castle_with_subvaults [lemuel_castle_interior_original],
          layout_cross, minmay_misc_feat_secret_circle, gammafunk_ghost_arena,
          hell_entry, nicolae_fountain_basement
Zot:1:    layout_gridlike, gammafunk_ghost_split, st_stairs_11
Zot:2:    layout_basic

Skill      XL: |  1  2  3  4  5  6  7  8  9 10 11 12 13 14 15 16 17 18 19 20 21 22 23 24 25 |
---------------+----------------------------------------------------------------------------+-----
Fighting       | 5 6 8 9 11 12 13 14 16 17 18 19 20 22 23 24 25 26 27 | 27.0
Short Blades   | 3 5 |  5.3
Armour         | 2 3 5 6 8 9 11 12 14 15 17 18 19 20 21 23 24 25 26 27 | 27.0
Axes           | 2 5 7 8 |  8.9
Shields        | 2 5 |  5.5
Long Blades    | 4 9 11 13 16 18 19 | 19.6
Throwing       | 3 6 8 9 12 | 12.0
Evocations     | 2 3 5 6 8 |  8.2
Crossbows      | 6 7 11 13 15 17 18 21 22 | 22.3
Dodging        | 5 |  5.0
Stealth        | |  1.0
Spellcasting   | |  1.0
Transmutations | |  1.0

Action                   |  1- 3 |  4- 6 |  7- 9 | 10-12 | 13-15 | 16-18 | 19-21 | 22-24 | 25-27 || total
-------------------------+-------+-------+-------+-------+-------+-------+-------+-------+-------++-------
Melee: Rapier            |    79 |       |       |       |       |       |       |       |       ||    79
       Headbutt          |    17 |    17 |    39 |   123 |   230 |   307 |   421 |   346 |    60 ||  1560
       Punch             |     1 |     1 |     2 |     1 |     4 |       |       |       |       ||     9
       Dagger            |    13 |   104 |       |       |       |       |       |       |       ||   117
       Short sword       |       |    39 |    41 |       |       |       |       |       |       ||    80
       Hand axe          |       |       |   203 |   167 |       |       |       |       |       ||   370
       Great sword       |       |       |       |   389 |   985 |  1107 |  1401 |  1113 |   170 ||  5165
       Scimitar          |       |       |       |     4 |    50 |    55 |       |       |       ||   109
       Demon blade       |       |       |       |       |       |       |     6 |       |       ||     6
 Fire: Triple crossbow   |       |       |       |       |    73 |   189 |   288 |   258 |    18 ||   826
Throw: Boomerang         |       |       |       |       |    11 |       |       |       |       ||    11
 Cast: Sting             |     1 |       |     2 |     1 |       |       |       |       |       ||     4
Invok: Call Merchant     |       |       |       |     1 |     1 |     1 |       |     1 |       ||     4
       Potion Petition   |       |       |       |     1 |       |     2 |     4 |     8 |     2 ||    17
       Bribe Branch      |       |       |       |       |       |       |       |       |     1 ||     1
Evoke: Lightning rod     |       |       |       |       |     1 |     2 |     5 |     5 |       ||    13
       Condenser vane    |       |       |       |       |       |       |     4 |     2 |       ||     6
       Wand              |       |       |       |       |       |       |     3 |       |     2 ||     5
  Use: Potion            |       |     1 |     2 |     4 |     4 |     1 |     8 |     7 |       ||    27
       Scroll            |       |     5 |     7 |    12 |    18 |    14 |     6 |       |       ||    62
 Stab: Distracted        |       |       |     1 |     6 |    12 |    11 |    12 |     9 |     2 ||    53
Armor: Leather armour    |    24 |    12 |       |       |       |       |       |       |       ||    36
       Scale mail        |       |    32 |   130 |   291 |    80 |       |       |       |       ||   533
       Plate armour      |       |     2 |       |       |       |       |       |       |       ||     2
       Crystal plate arm |       |       |       |       |   928 |  1239 |  1150 |  1028 |   155 ||  4500
Dodge: Dodged            |    59 |    61 |   105 |   315 |   369 |   346 |   488 |   676 |   144 ||  2563
Block: Buckler           |       |       |     5 |    57 |       |       |       |       |       ||    62
       Other             |       |       |       |       |    96 |   271 |   124 |       |       ||   491
       Reflection        |       |       |       |       |     6 |     3 |     8 |       |       ||    17

Table legend: (Time is in decaauts)
 A = Elapsed time spent in this place.
 B = Non-inter-level travel time spent in this place.
 C = Inter-level travel time spent in this place.
 D = Time resting spent in this place.
 E = Time spent auto-exploring this place.
 F = Levels seen in this place.
 G = Mean time per level.
                   A        B        C        D        E       F      G
               +--------+--------+--------+--------+--------+-----+--------+
         Total |  76647 |  70959 |   5688 |  21033 |  32046 |  50 | 1532.9 |
       Dungeon |  19906 |  17419 |   2487 |   2718 |  10840 |  15 | 1327.1 |
          Lair |   9227 |   8028 |   1199 |   1110 |   4932 |   6 | 1537.8 |
         Swamp |   8185 |   8009 |    176 |   4211 |   2146 |   4 | 2046.2 |
   Spider Nest |   6769 |   6562 |    207 |   2767 |   1964 |   4 | 1692.2 |
  Orcish Mines |   2933 |   2675 |    258 |    700 |   1168 |   2 | 1466.5 |
   Elven Halls |   5028 |   4864 |    164 |   1764 |   1780 |   3 | 1676.0 |
        Vaults |   9388 |   9018 |    370 |   3192 |   4341 |   4 | 2347.0 |
        Depths |   9477 |   8755 |    722 |   2728 |   4098 |   4 | 2369.2 |
           Zot |   1699 |   1597 |    102 |    657 |    506 |   2 |  849.5 |
         Abyss |   2706 |   2706 |      0 |    822 |     52 |   5 |  541.2 |
    Desolation |   1324 |   1324 |      0 |    361 |    218 |   1 | 1324.0 |
               +--------+--------+--------+--------+--------+-----+--------+

Top non-repeatable levels by time:
   Elf:3: 2943 daAuts
Vaults:4: 2872 daAuts
Vaults:3: 2847 daAuts
Depths:3: 2841 daAuts
 Swamp:1: 2586 daAuts
Spider:1: 2553 daAuts
Depths:2: 2463 daAuts
Vaults:1: 2419 daAuts
    D:12: 2264 daAuts
  Lair:4: 2238 daAuts
Depths:4: 2131 daAuts
 Swamp:3: 2128 daAuts
Spider:4: 2100 daAuts
  Lair:1: 2100 daAuts
Depths:1: 2040 daAuts
